[Event "Titled Tuesday Blitz January 11 2022"]
[White "Kamsky, Gata"]
[Black "Sadykov, Ramil"]
[WhiteFideId "2000024"]
[BlackFideId "24113590"]
[WhiteElo "2645"]
[BlackElo "2300"]
[Result "1-0"]
[Round "02"]
[TimeControl "180+1"]
[Date "2022.01.11"]
[WhiteClock "0:00:55"]
[BlackClock "0:00:04"]

1. e4 c5 2. Nf3 e6 3. d4 cxd4 4. Nxd4 Nf6 5. Nc3 Nc6 6. Ndb5 Bb4 7. a3 Bxc3+ 8. Nxc3 d5 9. exd5 exd5 10. Bd3 O-O 11. O-O d4 12. Ne2 Bg4 13. Bg5 Qd6 14. Qd2 Rfe8 15. Ng3 h6 16. Bxh6 gxh6 17. Qxh6 Qe5 18. h3 Bd7 19. f4 Qe3+ 20. Kh2 Re6 21. Qg5+ Kf8 22. Nf5 Ne8 23. Nxe3 dxe3 24. Rae1 Rd8 25. f5 Re5 26. Qh6+ Ke7 27. Rxe3 f6 28. Be4 Nd4 29. c3 Nb5 30. Rd1 Nbd6 31. Qh7+ Kf8 32. Bd5 Bxf5 33. Qh8+ Ke7 34. Rxe5+ fxe5 35. Qxe5+ Kd7 36. c4 b6 37. b4 1-0


[Site "https://www.chess.com"]

[Event "Titled Tuesday Blitz January 11 2022"]
[White "Karttunen, Mika"]
[Black "Shimanov, Aleksandr"]
[WhiteFideId "502081"]
[BlackFideId "4198603"]
[WhiteElo "2343"]
[BlackElo "2636"]
[Result "0-1"]
[Round "02"]
[TimeControl "180+1"]
[Date "2022.01.11"]
[WhiteClock "0:00:37"]
[BlackClock "0:02:00"]

1. d4 d5 2. c4 c6 3. Nf3 Nf6 4. Nc3 dxc4 5. a4 Bf5 6. e3 e6 7. Bxc4 Bb4 8. O-O Nbd7 9. Qe2 Bg6 10. Rd1 O-O 11. Bd3 Qa5 12. Bxg6 hxg6 13. Bd2 e5 14. dxe5 Nxe5 15. Nxe5 Qxe5 16. Be1 Rfe8 17. Qc4 Bd6 18. g3 Rad8 19. Rd4 Bc5 20. Rxd8 Rxd8 21. b4 Be7 22. Rd1 Rxd1 23. Nxd1 Qa1 24. Qc2 Nd5 25. b5 c5 26. Bc3 Nxc3 0-1


[Site "https://www.chess.com"]

[Event "Titled Tuesday Blitz January 11 2022"]
[White "Kevlishvili, Robby"]
[Black "Vlassov, Nikolai"]
[WhiteFideId "1040634"]
[BlackFideId "4103360"]
[WhiteElo "2584"]
[BlackElo "2407"]
[Result "1-0"]
[Round "02"]
[TimeControl "180+1"]
[Date "2022.01.11"]
[WhiteClock "0:01:11"]
[BlackClock "0:00:23"]

1. e4 c5 2. Nf3 d6 3. d4 cxd4 4. Nxd4 Nf6 5. Nc3 g6 6. Be3 Bg7 7. f3 a6 8. Qd2 h5 9. Bc4 Nbd7 10. O-O-O Ne5 11. Bb3 b5 12. Nd5 Bb7 13. Nxf6+ Bxf6 14. Bg5 Bxg5 15. Qxg5 Rc8 16. f4 Nc4 17. e5 e6 18. Nxe6 Qxg5 19. Nxg5 dxe5 20. Rhe1 O-O 21. fxe5 Bxg2 22. e6 f6 23. Nf7 Rc7 24. Nd6 Nxd6 25. e7+ Nc4 26. exf8=Q+ Kxf8 27. Re6 Rc6 28. Rxc6 Bxc6 29. Bxc4 bxc4 30. Rd6 Bb5 31. Rxf6+ Kg7 32. Rd6 g5 33. Kd2 h4 34. Ke3 g4 35. Kf4 g3 36. hxg3 hxg3 37. Kxg3 Kf7 38. Kf4 Ke7 39. Ke5 1-0


[Site "https://www.chess.com"]

[Event "Titled Tuesday Blitz January 11 2022"]
[White "Koelle, Tobias"]
[Black "Zelbel, Patrick"]
[WhiteFideId "16207378"]
[BlackFideId "24624322"]
[WhiteElo "2541"]
[BlackElo "2493"]
[Result "0-1"]
[Round "02"]
[TimeControl "180+1"]
[Date "2022.01.11"]
[WhiteClock "0:00:28"]
[BlackClock "0:00:25"]

1. d4 Nf6 2. c4 c5 3. d5 b5 4. cxb5 a6 5. bxa6 g6 6. Nc3 Bg7 7. e4 O-O 8. e5 Ne8 9. h4 Bxe5 10. Bh6 Ng7 11. h5 d6 12. Nf3 Bg4 13. Be2 Bxf3 14. Bxf3 Nxa6 15. Qd2 Qb6 16. hxg6 fxg6 17. Bg4 Nc7 18. O-O Rab8 19. Rab1 Qb4 20. Bh3 Qh4 21. Bg5 Qc4 22. Bxe7 Rf7 23. Bg5 Nh5 24. Rbc1 Nf4 25. Be6 Nfxe6 26. dxe6 Nxe6 27. Be3 Qh4 28. g3 Bxg3 29. fxg3 Qxg3+ 30. Kh1 Qh3+ 31. Kg1 Qg3+ 32. Kh1 Rb4 33. Bg1 Rxf1 34. Rxf1 Qh3+ 35. Qh2 Qxf1 36. Nd5 Qf3+ 37. Qg2 Rh4+ 38. Bh2 Qd1+ 39. Qg1 Qxd5+ 40. Qg2 Qxg2+ 41. Kxg2 Rb4 42. b3 c4 43. Bxd6 Rb6 44. Be5 cxb3 45. axb3 Rxb3 46. Bg3 Kf7 47. Bf2 g5 48. Kg1 g4 49. Kg2 Kg6 50. Kg1 Kf5 51. Be1 h5 52. Bd2 Nd4 53. Be1 Rf3 54. Kg2 Kg5 55. Bd2+ Kg6 56. Be1 Ne6 57. Bd2 h4 58. Kg1 h3 59. Be1 Kf5 60. Kh2 Kf4 61. Bd2+ Ke4 62. Ba5 Nd4 63. Kh1 Nf5 64. Bb6 g3 65. Kg1 Rb3 0-1


[Site "https://www.chess.com"]

[Event "Titled Tuesday Blitz January 11 2022"]
[White "Kravtsiv, Martyn"]
[Black "Potapova, Margarita"]
[WhiteFideId "14113147"]
[BlackFideId "14126869"]
[WhiteElo "2694"]
[BlackElo "2209"]
[Result "1-0"]
[Round "02"]
[TimeControl "180+1"]
[Date "2022.01.11"]
[WhiteClock "0:00:25"]
[BlackClock "0:00:10"]

1. e4 c5 2. Nf3 d6 3. Bb5+ Nd7 4. d4 cxd4 5. Qxd4 a6 6. Bxd7+ Bxd7 7. O-O e5 8. Qd3 h6 9. a4 Nf6 10. Re1 Be7 11. a5 O-O 12. c4 Rc8 13. Nc3 Be6 14. b3 b6 15. axb6 Qxb6 16. Rb1 Qb7 17. h3 Nd7 18. Be3 Nb8 19. Nd5 f5 20. Rbd1 Bd8 21. exf5 Bxf5 22. Qc3 Nc6 23. Bc1 Rb8 24. Re3 Ba5 25. Qb2 Nb4 26. Nh4 Bh7 27. Rg3 Nxd5 28. Rxd5 Bb6 29. Be3 Bd8 30. Bxh6 Bxh4 31. Rxg7+ Qxg7 32. Bxg7 Kxg7 33. Rxd6 Bf6 34. Rxa6 e4 35. Qd2 Rbd8 36. Rd6 Rxd6 37. Qxd6 Rd8 38. Qc7+ Kg8 39. g3 Rd2 40. Qc8+ Kg7 41. Qc7+ Kg8 42. Qf4 Re2 43. Qg4+ 1-0


[Site "https://www.chess.com"]

[Event "Titled Tuesday Blitz January 11 2022"]
[White "Maghsoodloo, Parham"]
[Black "Nazaretyan, Tigran"]
[WhiteFideId "12539929"]
[BlackFideId "24162345"]
[WhiteElo "2630"]
[BlackElo "2192"]
[Result "1-0"]
[Round "02"]
[TimeControl "180+1"]
[Date "2022.01.11"]
[WhiteClock "0:00:06"]
[BlackClock "0:00:01"]

1. e4 c5 2. Nf3 Nc6 3. d4 cxd4 4. Nxd4 Nf6 5. Nc3 d6 6. Bg5 e6 7. Qd2 a6 8. O-O-O Bd7 9. f4 h6 10. Bxf6 Qxf6 11. e5 dxe5 12. Ndb5 Qd8 13. Nd6+ Bxd6 14. Qxd6 Qe7 15. Ne4 Qxd6 16. Nxd6+ Ke7 17. Nxf7 Rhf8 18. Nxe5 Nxe5 19. fxe5 Bc6 20. Rg1 Rf2 21. Bd3 g5 22. Rd2 Raf8 23. h4 Rxd2 24. Kxd2 Rf2+ 25. Ke3 Rxg2 26. Rxg2 Bxg2 27. hxg5 hxg5 28. Be4 Bxe4 29. Kxe4 Kd7 30. c4 Kc6 31. b4 b5 32. c5 a5 33. a3 axb4 34. axb4 Kb7 35. Kf3 Kc6 36. Kg4 Kd5 37. Kxg5 Kxe5 38. Kg4 Kf6 39. Kf4 e5+ 40. Ke3 Kf5 41. Kf3 e4+ 42. Ke2 Ke5 43. Ke3 Kd5 44. Kf4 Kd4 45. c6 e3 46. c7 e2 47. c8=Q e1=Q 48. Qc5+ Kd3 49. Qxb5+ Kc3 50. Qc5+ Kb3 51. b5 Qh4+ 52. Ke5 Qg5+ 53. Kd6 Qd8+ 54. Kc6 Qc8+ 55. Kb6 Qb8+ 56. Ka6 Qa8+ 57. Qa7 Qc8+ 58. Qb7 Qc4 59. Qc6 Qe2 60. Kb7 Qe7+ 61. Ka6 Qe2 62. Qd5+ Kb4 63. Qd4+ Kb3 64. Ka5 Qa2+ 65. Kb6 Qe2 66. Ka7 Qe7+ 67. Ka6 Qa3+ 68. Kb6 Qa8 69. Qd6 Qe4 70. Kc7 Qh7+ 71. Kc6 Qc2+ 72. Qc5 Qg6+ 73. Qd6 Qc2+ 74. Kb7 Qe4+ 75. Qc6 Qe7+ 76. Ka6 Qa3+ 77. Kb6 Qe7 78. Qc7 Qe3+ 79. Kb7 Qe4+ 80. Ka7 Qa4+ 81. Kb6 Qd4+ 82. Qc5 Qd8+ 83. Ka7 Qd7+ 84. Ka6 Qe6+ 85. b6 Qe2+ 86. Qb5+ Qxb5+ 87. Kxb5 1-0


[Site "https://www.chess.com"]

[Event "Titled Tuesday Blitz January 11 2022"]
[White "Maltsevskaya, Aleksandra"]
[Black "Triapishko, Alexandr"]
[WhiteFideId "24174041"]
[BlackFideId "14122286"]
[WhiteElo "2283"]
[BlackElo "2479"]
[Result "1-0"]
[Round "02"]
[TimeControl "180+1"]
[Date "2022.01.11"]
[WhiteClock "0:01:21"]
[BlackClock "0:00:02"]

1. e4 e5 2. Nf3 Nc6 3. Bb5 Nge7 4. c3 d5 5. Qe2 dxe4 6. Nxe5 Be6 7. O-O Qd5 8. Nxc6 bxc6 9. Ba4 Qc4 10. Qd1 Ng6 11. d4 exd3 12. Bb3 Qb5 13. Bxe6 fxe6 14. Re1 O-O-O 15. Na3 Bxa3 16. bxa3 Rd6 17. Be3 Rhd8 18. Rb1 Qa6 19. Qb3 Kd7 20. c4 Ne5 21. Bc5 Nxc4 22. Bxd6 Nxd6 23. Qxe6# 1-0


[Site "https://www.chess.com"]

[Event "Titled Tuesday Blitz January 11 2022"]
[White "Martinez Ramirez, Lennis"]
[Black "Andreikin, Dmitry"]
[WhiteFideId "3509079"]
[BlackFideId "4158814"]
[WhiteElo "2374"]
[BlackElo "2736"]
[Result "0-1"]
[Round "02"]
[TimeControl "180+1"]
[Date "2022.01.11"]
[WhiteClock "0:00:13"]
[BlackClock "0:01:03"]

1. d4 Nf6 2. c4 e6 3. Nf3 a6 4. Nc3 d5 5. c5 Nc6 6. Bf4 g6 7. h3 Bg7 8. e3 O-O 9. Be2 Ne4 10. Nxe4 dxe4 11. Nd2 e5 12. dxe5 Nxe5 13. Nxe4 Bf5 14. Qxd8 Rfxd8 15. Nc3 Nd3+ 16. Bxd3 Rxd3 17. Rd1 Rxd1+ 18. Kxd1 Rd8+ 19. Kc1 Bxc3 20. bxc3 Rd5 21. c6 Rb5 22. cxb7 Rxb7 23. Rd1 Rb1+ 24. Kd2 Rb2+ 25. Ke1 Rxa2 26. Be5 f6 27. Bxf6 Kf7 28. Be5 c5 29. Rd5 c4 30. Rc5 Bd3 31. Bg3 Rc2 32. Rc7+ Ke6 33. Rc6+ Kd5 34. Rxa6 Rxc3 35. f3 Rc1+ 36. Kf2 Rf1# 0-1


[Site "https://www.chess.com"]

[Event "Titled Tuesday Blitz January 11 2022"]
[White "Migot, Tangi"]
[Black "Lenderman, Aleksandr"]
[WhiteFideId "662445"]
[BlackFideId "2021285"]
[WhiteElo "2532"]
[BlackElo "2651"]
[Result "0-1"]
[Round "02"]
[TimeControl "180+1"]
[Date "2022.01.11"]
[WhiteClock "0:00:51"]
[BlackClock "0:02:06"]

1. e4 e6 2. d4 d5 3. Nc3 dxe4 4. Nxe4 Nd7 5. Nf3 Ngf6 6. Nxf6+ Nxf6 7. c3 Be7 8. Be3 Nd5 9. Bd3 c5 10. Bb5+ Bd7 11. Qa4 Bxb5 12. Qxb5+ Qd7 13. Qxd7+ Kxd7 14. O-O-O Ke8 15. Rhe1 Rc8 16. Bg5 f6 17. Bh4 Kf7 18. Bg3 c4 19. Re2 b5 20. Rde1 Rc6 21. Nd2 b4 22. Kc2 Rhc8 23. Ne4 Ra6 24. Ra1 f5 25. Nd2 f4 0-1


[Site "https://www.chess.com"]

[Event "Titled Tuesday Blitz January 11 2022"]
[White "Moskalenko, Alexander"]
[Black "Sokolin, Leonid"]
[WhiteFideId "4155351"]
[BlackFideId "2009161"]
[WhiteElo "2515"]
[BlackElo "2394"]
[Result "1-0"]
[Round "02"]
[TimeControl "180+1"]
[Date "2022.01.11"]
[WhiteClock "0:01:03"]
[BlackClock "0:00:22"]

1. Nf3 Nf6 2. g3 e6 3. Bg2 d5 4. O-O Be7 5. d3 c5 6. Nbd2 Nc6 7. e4 O-O 8. e5 Nd7 9. Re1 Qc7 10. Qe2 b5 11. Nf1 Nd4 12. Nxd4 cxd4 13. Bf4 a5 14. h4 Ra6 15. Nh2 Rc6 16. Rac1 Nb6 17. Nf3 Bc5 18. Ng5 h6 19. Qh5 hxg5 20. Bxg5 Re8 21. Qg4 Bf8 22. h5 Nd7 23. h6 Nxe5 24. Qxd4 Ng6 25. h7+ Kh8 26. c3 b4 27. c4 dxc4 28. Bxc6 Qxc6 29. Qxc4 Qf3 30. Re3 Qf5 31. Qc6 Qxg5 32. Qxe8 Bb7 33. Qxf7 Qd5 34. Qg8# 1-0


[Site "https://www.chess.com"]

[Event "Titled Tuesday Blitz January 11 2022"]
[White "Muradli, Mahammad"]
[Black "Ceres, Dragos"]
[WhiteFideId "13409301"]
[BlackFideId "13905864"]
[WhiteElo "2645"]
[BlackElo "2072"]
[Result "0-1"]
[Round "02"]
[TimeControl "180+1"]
[Date "2022.01.11"]
[WhiteClock "0:00:02"]
[BlackClock "0:00:09"]

1. c4 e5 2. d3 Nf6 3. Nf3 Nc6 4. a3 a5 5. Nc3 Bc5 6. Bg5 h6 7. Bh4 g5 8. Bg3 d6 9. e3 Ba7 10. Be2 Bf5 11. d4 exd4 12. Nxd4 Nxd4 13. exd4 O-O 14. O-O Ne4 15. Nd5 c6 16. Ne3 Bg6 17. Bd3 Re8 18. Bc2 f5 19. Qf3 f4 20. Bxf4 gxf4 21. Qxf4 Qg5 22. Qxg5 hxg5 23. Rad1 Kg7 24. Rfe1 Nf6 25. Bxg6 Kxg6 26. g3 Re4 27. Nc2 Rae8 28. Rxe4 Rxe4 29. Kf1 g4 30. b4 a4 31. Rd2 Re7 32. c5 d5 33. Ne3 Bb8 34. Rd3 Kg5 35. Kg2 Ne4 36. Rd1 Rf7 37. Rf1 Bc7 38. Nd1 Nd2 39. Re1 Ne4 40. Re2 Bd8 41. Nb2 Bf6 42. Nxa4 Bxd4 43. Nb6 Nxf2 44. a4 Nh3 45. b5 Rf3 46. bxc6 bxc6 47. Nd7 Ra3 48. Nf8 Ra1 49. Ne6+ Kf6 0-1


[Site "https://www.chess.com"]

[Event "Titled Tuesday Blitz January 11 2022"]
[White "Nakamura, Hikaru"]
[Black "Senthil Maran K"]
[WhiteFideId "2016192"]
[BlackFideId "25035681"]
[WhiteElo "3178"]
[BlackElo "2633"]
[Result "0-1"]
[Round "02"]
[TimeControl "180+1"]
[Date "2022.01.11"]
[WhiteClock "0:02:08"]
[BlackClock "0:00:11"]

1. Nf3 d5 2. e3 Nf6 3. c4 e6 4. Nc3 c6 5. d4 Nbd7 6. Qc2 Bd6 7. g4 dxc4 8. g5 Nd5 9. Bxc4 e5 10. Nxd5 cxd5 11. Bb3 e4 12. Ne5 Bxe5 13. dxe5 Nxe5 14. f4 Nd3+ 15. Kf1 Bh3+ 16. Kg1 Rc8 17. Qd1 O-O 18. Bc2 Rxc2 19. Qxc2 Qd7 20. Qe2 Rc8 21. Bd2 Rc2 22. Rd1 Bg4 23. Qf1 Bh3 24. Qe2 Qg4+ 25. Qxg4 Bxg4 26. Kg2 Bxd1 27. Rxd1 Nxb2 28. Rc1 Rxd2+ 29. Kg3 Nc4 30. a4 g6 31. f5 gxf5 32. h4 Kg7 33. h5 h6 34. Rf1 hxg5 35. Rxf5 f6 36. h6+ Kg6 37. h7 Kxh7 38. Rxf6 Kg7 39. Re6 Rd3 40. Kg4 Kf7 41. Rh6 Rxe3 42. Kxg5 Rf3 43. Rh7+ Ke6 44. Rxb7 e3 45. Rb8 Kd7 46. Rb7+ Kd6 47. Kg4 Ne5+ 0-1


[Site "https://www.chess.com"]

[Event "Titled Tuesday Blitz January 11 2022"]
[White "Narayanan.S.L"]
[Black "Postnikov, Daniil"]
[WhiteFideId "5058422"]
[BlackFideId "4166329"]
[WhiteElo "2494"]
[BlackElo "2261"]
[Result "1-0"]
[Round "02"]
[TimeControl "180+1"]
[Date "2022.01.11"]
[WhiteClock "0:02:38"]
[BlackClock "0:01:51"]

1. f4 c5 2. Nf3 Nc6 3. e4 d5 4. exd5 Qxd5 5. Nc3 Qd8 6. Bb5 Bd7 7. O-O Nf6 8. d3 e6 9. Be3 a6 10. Ba4 Be7 11. Ne5 Qc7 12. Bxc6 Bxc6 13. Qe1 Nd5 14. Bd2 Nxc3 15. Bxc3 O-O-O 16. Nxf7 Bh4 17. Qxe6+ Bd7 18. Qe5 1-0


[Site "https://www.chess.com"]

[Event "Titled Tuesday Blitz January 11 2022"]
[White "Nozdrachev, Leonid"]
[Black "Onyshchuk, Volodymyr"]
[WhiteFideId "24113433"]
[BlackFideId "14114038"]
[WhiteElo "2124"]
[BlackElo "2642"]
[Result "0-1"]
[Round "02"]
[TimeControl "180+1"]
[Date "2022.01.11"]
[WhiteClock "0:00:04"]
[BlackClock "0:00:10"]

1. e4 g6 2. d4 Bg7 3. Nc3 d6 4. Be3 a6 5. h4 h6 6. h5 g5 7. Be2 Nd7 8. f4 gxf4 9. Bxf4 c5 10. dxc5 Nxc5 11. Qd2 Qb6 12. Rb1 Nf6 13. Bf3 Be6 14. Nge2 Ncd7 15. Be3 Qc7 16. O-O Ne5 17. b3 Rc8 18. Bd4 Rg8 19. Rbc1 Bf8 20. Nd5 Bxd5 21. exd5 Rg5 22. c4 Qd7 23. Nf4 Bg7 24. Rce1 Kf8 25. Bxe5 Rxe5 26. Rxe5 dxe5 27. Nh3 e4 28. Be2 Qd6 29. Qf4 Qa3 30. Qf5 Rd8 31. Nf4 Qxa2 32. g4 Qxb3 33. Kg2 Qb6 34. g5 hxg5 35. Qxg5 Rd6 36. h6 Bh8 37. Nh5 Ke8 38. Ng7+ Bxg7 39. hxg7 Ng8 40. Bh5 Rf6 41. Qg4 Qb2+ 42. Kg1 Qd4+ 43. Kg2 Qd2+ 44. Kg3 Qe3+ 45. Kg2 Qd2+ 46. Kg3 Qc3+ 47. Kg2 Kd8 48. Rf5 Qd2+ 49. Kg3 Qe3+ 50. Kg2 Qd2+ 51. Kg3 Qd3+ 52. Kg2 Qc2+ 53. Kg3 Rxf5 54. Qxf5 Qc3+ 55. Kg2 Qxg7+ 56. Kf1 Qf6 57. Bg4 Qxf5+ 58. Bxf5 Nf6 59. Ke2 Kc7 60. Ke3 Kd6 61. Kd4 e5+ 62. dxe6 fxe6 63. Bg6 e5+ 64. Ke3 Kc5 65. Bf7 b6 66. Be6 a5 67. Bf7 a4 68. Kd2 a3 69. Kc3 e3 70. Be6 e2 0-1


[Site "https://www.chess.com"]

[Event "Titled Tuesday Blitz January 11 2022"]
[White "Ozer, Omer Faruk"]
[Black "Hansen, Eric"]
[WhiteFideId "6354564"]
[BlackFideId "2606771"]
[WhiteElo "2050"]
[BlackElo "2568"]
[Result "1-0"]
[Round "02"]
[TimeControl "180+1"]
[Date "2022.01.11"]
[WhiteClock "0:00:06"]
[BlackClock "0:00:05"]

1. e4 c5 2. Nf3 e6 3. d3 d5 4. Nbd2 Bd6 5. g3 Ne7 6. Bg2 O-O 7. O-O Nbc6 8. Re1 b5 9. exd5 exd5 10. c4 bxc4 11. dxc4 d4 12. Ne4 h6 13. b3 Bg4 14. h3 Bh5 15. Bxh6 Bg6 16. Bg5 Qc7 17. Nh4 Bh7 18. Qh5 Rae8 19. Nf6+ gxf6 20. Bxf6 Bf4 21. gxf4 Qxf4 22. Bg5 Qd6 23. Bh6 Bg6 24. Qg4 Kh8 25. Bxf8 Rxf8 26. Bxc6 Nxc6 27. Nxg6+ Qxg6 28. Qxg6 fxg6 29. Re6 Nb4 30. Rxg6 Nd3 31. Rf1 Nf4 32. Rg4 Kh7 33. Kh2 Kh6 34. Rfg1 Rf6 35. Rg8 Kh7 36. R1g7+ Kh6 37. Rg4 Kh7 38. R8g5 Kh6 39. Rxc5 Nd3 40. Rd5 Rxf2+ 41. Kg1 Rxa2 42. Rdxd4 Ne1 43. Rd6+ Kh5 44. Rd5+ Kh6 45. Re4 Nf3+ 46. Kf1 Nd2+ 47. Rxd2 Rxd2 48. Re6+ Kg5 49. Re3 Rb2 50. Rc3 Kf4 51. c5 Rb1+ 52. Ke2 Rb2+ 53. Kd3 Ke5 54. c6 Rg2 55. c7 Rg3+ 56. Kc2 Rg2+ 57. Kb1 Rg1+ 58. Kb2 1-0


[Site "https://www.chess.com"]

[Event "Titled Tuesday Blitz January 11 2022"]
[White "Padmini, Rout"]
[Black "Babazada, Khazar"]
[WhiteFideId "5029295"]
[BlackFideId "13413554"]
[WhiteElo "2181"]
[BlackElo "2418"]
[Result "0-1"]
[Round "02"]
[TimeControl "180+1"]
[Date "2022.01.11"]
[WhiteClock "0:00:07"]
[BlackClock "0:01:38"]

1. Nf3 Nf6 2. g3 d5 3. Bg2 g6 4. O-O Bg7 5. d4 O-O 6. c4 c6 7. b3 a5 8. Nc3 e6 9. Ba3 Re8 10. Qd3 Na6 11. Rfd1 Nb4 12. Qd2 Bf8 13. Bb2 Bd7 14. a3 Na6 15. Ne5 b5 16. c5 Nh5 17. f4 f6 18. Nd3 Nc7 19. Bf3 Ng7 20. b4 a4 21. e3 Nf5 22. Qf2 Bg7 23. g4 Nh6 24. h3 Nf7 25. Rf1 Qe7 26. h4 e5 27. fxe5 fxe5 28. dxe5 Nxe5 29. Nxe5 Bxe5 30. Rae1 Rf8 31. Qg2 Qxh4 32. e4 d4 33. Ne2 Ne6 34. Rd1 Ng5 35. Nxd4 Nh3+ 0-1


[Site "https://www.chess.com"]

[Event "Titled Tuesday Blitz January 11 2022"]
[White "Paravyan, David"]
[Black "Mustafayev, Farid"]
[WhiteFideId "4194985"]
[BlackFideId "13408771"]
[WhiteElo "2569"]
[BlackElo "2129"]
[Result "1-0"]
[Round "02"]
[TimeControl "180+1"]
[Date "2022.01.11"]
[WhiteClock "0:00:11"]
[BlackClock "0:00:05"]

1. c4 Nf6 2. Nc3 c5 3. Nf3 Nc6 4. g3 b6 5. Bg2 Bb7 6. O-O Nd4 7. e3 Nxf3+ 8. Bxf3 Bxf3 9. Qxf3 e6 10. d4 Be7 11. d5 O-O 12. e4 d6 13. Bf4 e5 14. Be3 Nd7 15. h4 a6 16. Kg2 Nf6 17. a4 Qd7 18. b3 Ng4 19. Bd2 f5 20. exf5 Rxf5 21. Qe2 Raf8 22. Ne4 Rf3 23. Rac1 Rxb3 24. f3 Nf6 25. Rb1 Rxb1 26. Rxb1 Nxe4 27. fxe4 Rb8 28. Qd1 Bd8 29. Be3 Bc7 30. Qc2 b5 31. axb5 axb5 32. cxb5 Rxb5 33. Rf1 Rb4 34. Qf2 Qe8 35. Qf5 Bd8 36. h5 Rb2+ 37. Kh3 h6 38. Qg4 Kh8 39. Qg6 Qd7+ 40. Qe6 Qxe6+ 41. dxe6 Kg8 42. Rf7 Rb6 43. e7 Bxe7 44. Rxe7 Rb3 45. Bf2 Rb4 46. Rd7 Rxe4 47. Rxd6 c4 48. Rc6 Kh7 49. Kg2 Rg4 50. Kf3 Rg5 51. g4 e4+ 52. Kf4 Rb5 53. Rxc4 Rb3 54. Be3 Rb1 55. Rc7 Rb4 56. Bc5 Rc4 57. Bd6 Rxc7 58. Bxc7 g6 59. Kxe4 gxh5 60. gxh5 1-0


[Site "https://www.chess.com"]

[Event "Titled Tuesday Blitz January 11 2022"]
[White "Pert, Richard G"]
[Black "Howell, David W L"]
[WhiteFideId "404748"]
[BlackFideId "410608"]
[WhiteElo "2625"]
[BlackElo "3042"]
[Result "0-1"]
[Round "02"]
[TimeControl "180+1"]
[Date "2022.01.11"]
[WhiteClock "0:00:06"]
[BlackClock "0:01:21"]

1. e4 g6 2. d4 Bg7 3. Nc3 c6 4. Nf3 d5 5. Bf4 dxe4 6. Nxe4 Nf6 7. Nxf6+ exf6 8. Qd2 O-O 9. O-O-O Be6 10. Kb1 b5 11. h4 h5 12. Bd3 Re8 13. Bh6 Nd7 14. Bxg7 Kxg7 15. Rhe1 Nb6 16. Be4 Qd6 17. Qc3 Na4 18. Qd2 Rad8 19. c3 Nb6 20. Qc2 a5 21. Nd2 a4 22. Ka1 Re7 23. Bf3 f5 24. Be2 Bd5 25. Nf3 Be4 26. Bd3 Bxf3 27. gxf3 Nd5 28. Qd2 Rde8 29. Rg1 Qf6 30. Rg5 Kf8 31. a3 Re6 32. f4 Qe7 33. Ka2 Re1 34. Rg1 Rxd1 35. Qxd1 Qxh4 36. Qf3 Qxf4 37. Qg2 Nxc3+ 38. bxc3 Qd2+ 39. Ka1 Qxc3+ 40. Ka2 Qb3+ 41. Ka1 Qxa3+ 0-1


[Site "https://www.chess.com"]

[Event "Titled Tuesday Blitz January 11 2022"]
[White "Pichot, Alan"]
[Black "Blomqvist, Erik"]
[WhiteFideId "110973"]
[BlackFideId "1709437"]
[WhiteElo "2543"]
[BlackElo "2423"]
[Result "0-1"]
[Round "02"]
[TimeControl "180+1"]
[Date "2022.01.11"]
[WhiteClock "0:00:03"]
[BlackClock "0:00:08"]

1. e4 c5 2. Nf3 e6 3. d4 cxd4 4. Nxd4 Nc6 5. Nc3 Qc7 6. Be3 a6 7. Qf3 Nf6 8. O-O-O Be7 9. Be2 d6 10. Qg3 Bd7 11. f4 Rc8 12. Bf3 O-O 13. e5 dxe5 14. fxe5 Nxe5 15. Bf4 Bd6 16. Kb1 Nc4 17. Bxd6 Nxd6 18. Rhf1 Nc4 19. Qe1 b5 20. Be2 Ne3 21. Bd3 Nxf1 22. Qxf1 Qxh2 23. Qf3 Qe5 24. g4 h6 25. Nce2 Qg5 26. Rg1 Rfe8 27. Qf2 Qc5 28. Qe1 e5 29. Nb3 Qe3 30. Bf5 Bxf5 31. gxf5 Red8 32. Rg3 Qe4 33. Rc3 Rxc3 34. bxc3 Qxf5 35. Nec1 h5 36. Nd3 e4 37. Nb4 Qf3 38. Nc6 Re8 39. Nbd4 Qg2 40. Qh4 e3 41. Qf4 e2 42. Nf3 Qxf3 43. Qxf3 e1=Q+ 44. Kb2 h4 45. Nd4 Qg3 46. Qf1 h3 47. Nf5 Qg2 48. Qf4 h2 49. Qg5 Qxg5 0-1


[Site "https://www.chess.com"]

[Event "Titled Tuesday Blitz January 11 2022"]
[White "Plotkin, Victor"]
[Black "Pakleza, Zbigniew"]
[WhiteFideId "2606674"]
[BlackFideId "1119290"]
[WhiteElo "2310"]
[BlackElo "2467"]
[Result "0-1"]
[Round "02"]
[TimeControl "180+1"]
[Date "2022.01.11"]
[WhiteClock "0:00:30"]
[BlackClock "0:00:14"]

1. e4 d6 2. d4 Nf6 3. Nc3 c6 4. f4 Qb6 5. Nf3 Bg4 6. Be2 Bxf3 7. Bxf3 e5 8. fxe5 dxe5 9. dxe5 Nfd7 10. e6 fxe6 11. Qe2 Ne5 12. Bd2 Qxb2 13. Rb1 Qxc2 14. O-O Bc5+ 15. Kh1 O-O 16. Rxb7 Qd3 17. Na4 Bd4 18. Bb4 c5 19. Bxc5 Bxc5 20. Nxc5 Qd6 21. Rb5 Nbc6 22. Rd1 Qe7 23. Rb7 Qf6 24. Nd7 Nxd7 25. Rbxd7 Ne5 26. Rf1 Nxd7 27. h3 Ne5 28. Qe3 Nxf3 29. gxf3 h6 30. Kg2 e5 31. Rd1 Qg5+ 32. Qxg5 hxg5 33. Rd5 Rfe8 34. Kg3 a5 35. Kg4 Kh7 36. Kxg5 Ra6 37. h4 Rg6+ 38. Kf5 Rf6+ 39. Kg4 a4 40. h5 Kh6 41. Ra5 Rf4+ 42. Kg3 Ref8 43. Rxe5 Rxf3+ 44. Kg4 Ra3 45. Re6+ Rf6 46. Rxf6+ gxf6 47. Kf5 Rxa2 0-1


[Site "https://www.chess.com"]

[Event "Titled Tuesday Blitz January 11 2022"]
[White "Rodrigue-Lemieux, Shawn"]
[Black "Klenburg, Michael"]
[WhiteFideId "2620049"]
[BlackFideId "14102072"]
[WhiteElo "1763"]
[BlackElo "2359"]
[Result "0-1"]
[Round "02"]
[TimeControl "180+1"]
[Date "2022.01.11"]
[WhiteClock "0:01:26"]
[BlackClock "0:01:24"]

1. c4 d6 2. g3 g6 3. Bg2 Bg7 4. Nc3 Nf6 5. e4 c5 6. Nge2 O-O 7. O-O Nc6 8. d3 Ne8 9. Be3 Nd4 10. Qd2 Nc7 11. Bh6 Nce6 12. Bxg7 Kxg7 13. f4 f6 14. f5 Nxe2+ 15. Nxe2 Nd4 16. Nxd4 cxd4 17. h4 Bd7 18. g4 Qb6 19. Rf2 Qc5 20. Raf1 Qe5 21. g5 Rab8 22. h5 b5 23. hxg6 hxg6 24. fxg6 Qxg5 25. Qxg5 fxg5 26. Rf7+ Rxf7 27. Rxf7+ Kxg6 28. Rxe7 Bg4 29. cxb5 Rxb5 30. b3 a5 31. Ra7 Kf6 32. Kf2 Rc5 33. Bf1 Be6 34. Be2 Rc2 35. Ke1 Rxa2 36. Ra6 Ke5 37. Bd1 g4 38. Ra8 g3 39. Kf1 Ra1 40. Kg2 Rxd1 41. Kxg3 Rxd3+ 42. Kf2 Rxb3 43. Rxa5+ Kxe4 0-1


[Site "https://www.chess.com"]

[Event "Titled Tuesday Blitz January 11 2022"]
[White "Romanchuk, Viktor"]
[Black "Vokhidov, Shamsiddin"]
[WhiteFideId "14109271"]
[BlackFideId "14204223"]
[WhiteElo "2242"]
[BlackElo "2611"]
[Result "1/2-1/2"]
[Round "02"]
[TimeControl "180+1"]
[Date "2022.01.11"]
[WhiteClock "0:00:23"]
[BlackClock "0:01:06"]

1. d4 Nf6 2. c4 e6 3. Nc3 Bb4 4. e3 O-O 5. Ne2 d5 6. a3 Be7 7. cxd5 exd5 8. Nf4 c6 9. Bd3 Bd6 10. O-O Re8 11. f3 c5 12. Nfxd5 Nxd5 13. Nxd5 cxd4 14. exd4 Bxh2+ 15. Kxh2 Qxd5 16. Be4 Qd6+ 17. Kg1 Nc6 18. d5 Ne7 19. Bg5 h6 20. Bh4 Nf5 21. Bf2 Bd7 22. Re1 Qf6 23. Bxf5 Qxf5 24. Rxe8+ Bxe8 25. Qd4 Bd7 26. Re1 a6 27. Qe5 Qd3 28. Qe4 Qd2 29. Re2 Qc1+ 30. Kh2 Re8 31. Qc2 Qf4+ 32. Bg3 Rxe2 33. Qxe2 Qd4 34. Qe5 Qxe5 35. Bxe5 f6 36. Bc3 Kf7 37. g4 Bb5 38. Kg3 Bc4 39. d6 Ke6 40. Bb4 b6 41. d7 Kxd7 42. Bf8 g5 43. f4 Ke6 44. Bxh6 Kf7 45. fxg5 Kg6 46. Bf8 Kxg5 47. Bb4 Be6 48. Bd2+ Kg6 49. Kf4 b5 50. Bc3 Bd7 51. Bd4 1/2-1/2


[Site "https://www.chess.com"]